 Dungeon Crawl Stone Soup version 0.28.0 (webtiles) character file.

Game seed: 7508741959467816473

92 RighteousDevil the Poker (level 4, -6/34 HPs)
             Began as a Draconian Warper on Feb 14, 2022.
             Was a Believer of Ru.
             Killed by divine providence
             ... invoked by an orc priest
              (15 damage)
             ... on level 2 of the Dungeon.
             The game lasted 00:04:11 (2142 turns).

RighteousDevil the Poker (Draconian Warper)         Turns: 2142, Time: 00:04:12

Health: -6/34      AC:  5    Str: 13    XL:     4   Next: 35%
Magic:  7/7        EV: 12    Int: 16    God:    Ru [**....]
Gold:   83         SH:  0    Dex: 10    Spells: 2/7 levels left

rFire   . . .      SeeInvis .   a - +0 spear (elec)
rCold   . . .      Faith    .   (no shield)
rNeg    . . .      Spirit   .   (armour unavailable)
rPois   .          Reflect  .   (helmet restricted)
rElec   .          Harm     .   (no cloak)
rCorr   .          Rampage  .   (no gloves)
Will    .....                   (no boots)
Stlth   +.........              f - amulet of magic regeneration
HPRegen 0.11/turn               (no ring)
MPRegen 0.50/turn               (no ring)

@: no status effects
A: AC +5, unfitting armour, frail 1, cold-blooded
a: Renounce Religion


You were on level 2 of the Dungeon.
You worshipped Ru.
Ru was pleased with you.
You visited 1 branch of the dungeon, and saw 3 of its levels.

You collected 83 gold pieces.

Inventory:

Hand Weapons
 a - a +0 spear of electrocution (weapon)
Missiles
 c - 5 boomerangs of dispersal
 d - 58 stones (quivered)
Armour
 e - an orb of guile
Jewellery
 f - an amulet of magic regeneration (around neck)
 h - an amulet of the acrobat
Scrolls
 b - a scroll of blinking
 g - 4 scrolls of teleportation
 k - a scroll of fear
Potions
 l - a potion of brilliance


   Skills:
 + Level 3.3 Fighting
 * Level 3.9 Polearms
 - Level 1.0 Throwing
 - Level 2.2 Dodging
 - Level 2.0 Spellcasting
 - Level 3.0 Translocations


You had 2 spell levels left.
You knew the following spells:

 Your Spells              Type           Power      Damage    Failure   Level
a - Blink                 Tloc           22%        N/A       9%          2
b - Gell's Gravitas       Tloc           11%        N/A       19%         3

Your spell library contained the following spells:

 Spells                   Type           Power      Damage    Failure   Level
 Slow                     Hex            4%         N/A       21%         1
 Lesser Beckoning         Tloc           11%        N/A       19%         3
 Teleport Other           Tloc           11%        N/A       19%         3
 Confusing Touch          Hex            1%         N/A       52%         3
 Vampiric Draining        Necr           1%         2d6       52%         3
 Passage of Golubria      Tloc           11%        N/A       52%         4
 Manifold Assault         Tloc           11%        N/A       86%         5
 Silence                  Hex/Air        0%         N/A       99%         5
 Lehudib's Crystal Spear  Conj/Erth      0%         10d2      100%        8


Dungeon Overview and Level Annotations

Branches:
Dungeon (3/15)

Altars:
Ru
Wu Jian


Innate Abilities, Weirdness & Mutations

Your plain brown scales are hard. (AC +5)
You cannot fit into any form of body armour.
You are frail. (-10% HP)
You are cold-blooded and may be slowed by cold attacks.


Message History

You reach to attack!
You closely miss the orc.
An orc priest comes into view. It is wielding a +0 whip.
The orc priest shouts!
You hit the orc but do no damage. The orc barely misses you.
You hit the orc but do no damage.
Your tail-slap misses the orc.
The orc hits you with a +2 vorpal hand axe.
You redirect the orc priest's attack!
The orc priest begins to cast a cantrip, but forgets the words!
You hit the orc.
Your tail-slap misses the orc.
The orc is heavily wounded.
The orc hits you but does no damage.
You hit the orc.
You kill the orc!
The orc priest mumbles some strange prayers to Beogh against you.
Beogh smites you!
The orc priest begins to pray, but is stunned by your conviction!
The orc priest mumbles some strange prayers to Beogh against you.
You barely resist. The orc priest closely misses you.
You climb upwards.
There is a stone staircase leading down here.
Unknown command.
You hit the orc priest but do no damage.
Your tail-slap misses the orc priest.
You hit the orc priest but do no damage.
The orc priest invokes the aid of Beogh against you.
Pain shoots through your body!
* * * LOW HITPOINT WARNING * * *
Okay, then.
You hit the orc priest but do no damage.
The orc priest is stunned by your conviction and fails to attack.
You hit the orc priest.
Lightning courses through the orc priest!
The orc priest is almost dead.
The orc priest closely misses you.
You hit the orc priest but do no damage.
Your tail-slap misses the orc priest.
The orc priest is almost dead.
The orc priest invokes the aid of Beogh against you.
Beogh smites you!
You die...

######### #.......# #.......#
#.......# #.......###
#.........########### ##
##########....⌠...⌠..........###.
.........+...................'..>
##########..⌠...@...⌠........###.
...## #.....)o............# #.
##..# #....⌠...⌠.........†####
###.## #####................... #
#..# ####.'#####.......(. # ##.##
#..# #......... # #...###### ##.#
#......... # #.#.##...# #.#
#......... # #........#######.##
#.........


You could see an orc priest.

Vanquished Creatures
  3 adders (D:2)
  A worm (D:2)
  A dart slug (D:1)
  4 orcs (D:3)
  3 endoplasms
  5 goblins
  5 hobgoblins (D:1)
  5 jackals
  3 quokkas
  10 ball pythons
  2 bats (D:1)
  5 frilled lizards
  3 kobolds
  5 rats
55 creatures vanquished.

Notes
Turn   | Place    | Note
-------+----------+-------------------------------------------
     0 | D:1      | RighteousDevil the Draconian Warper began the quest for the
                  | Orb.
     0 | D:1      | Reached XP level 1. HP: 17/17 MP: 3/3
    21 | D:1      | Reached skill level 1 in Throwing
   383 | D:1      | Reached XP level 2. HP: 25/25 MP: 5/5
   790 | D:1      | Found a faded altar of an unknown god.
   818 | D:1      | Prayed at the altar of an unknown god.
   818 | D:1      | Became a worshipper of Ru the Awakened
   837 | D:1      | Gained mutation: You are frail. (-10% HP) [Ru sacrifice]
   837 | D:1      | Reached * piety under Ru
   837 | D:1      | Reached ** piety under Ru
   874 | D:1      | Reached XP level 3. HP: 27/27 MP: 6/6
  1411 | D:2      | Reached XP level 4. HP: 14/34 MP: 7/7
  1608 | D:2      | Learned a level 2 spell: Blink
  1612 | D:2      | Learned a level 3 spell: Gell's Gravitas
  1690 | D:2      | Found an ornate altar of the Wu Jian Council.
  2142 | D:2      | Killed from afar by an orc priest

Illustrated notes

Levels and vault maps discovered:
D:1:      dpeg_arrival_tiny_j, layout_loops_cross,
          ebering_ecumenical_altar_ruins, minmay_misc_feat_alley
D:2:      layout_basic, basic_altar, grunt_ministairs_2,
          chequers_serial_rivers_micro_b, glass_columns_b
D:3:      layout_rooms, gup_sewer_entry_spiral, minmay_checkerbox

Skill      XL: |  1  2  3 |
---------------+----------+-----
Throwing       | 1 |  1.0
Polearms       | 3 |  3.9
Fighting       | 3 |  3.3
Dodging        | |  2.2
Spellcasting   | |  2.0
Translocations | |  3.0

Action                   |  1- 3 |  4- 6 || total
-------------------------+-------+-------++-------
Melee: Spear             |   152 |    66 ||   218
       Tailslap          |    11 |     6 ||    17
       Punch             |       |     1 ||     1
Invok: Sacrifice Health  |     1 |       ||     1
  Use: Scroll            |       |     5 ||     5
 Stab: Sleeping          |       |     1 ||     1
Armor: Skin              |    34 |    16 ||    50
Dodge: Dodged            |    82 |    31 ||   113
